 Dungeon Crawl Stone Soup version 0.25.0-10-g039870e (webtiles) character file.

Game seed: 9497341314774188690

690 Golfball the Ruffian (level 7, -5/72 HPs)
             Began as a Troll Monk on June 23, 2020.
             Was a Priest of Dithmenos.
             Slain by an orc wizard
             ... wielding a +0 dagger of electrocution
              (20 damage)
             ... on level 5 of the Dungeon.
             The game lasted 00:08:30 (3035 turns).

Golfball the Ruffian (Troll Monk)                   Turns: 3035, Time: 00:08:31

Health: -5/72      AC:  6    Str: 20    XL:     7   Next: 36%
Magic:  15/15      EV: 10    Int:  8    God:    Dithmenos [***...]
Gold:   91         SH:  0    Dex: 12    Spells: 6/6 levels left

rFire    . . .     SeeInvis .     - Unarmed
rCold    . . .     Gourm    +   (no shield)
rNeg     . . .     Faith    .   a - +0 robe
rPois    .         Spirit   .   (helmet restricted)
rElec    .         Reflect  .   (no cloak)
rCorr    .         Harm     .   (gloves unavailable)
MR       .....                  (boots unavailable)
Stlth    ++........             (no amulet)
HPRegen  0.62/turn              f - ring of magical power
MPRegen  0.14/turn              (no ring)

@: wreathed by umbra
A: large, unfitting armour, claws 3, fast metabolism 3, gourmand, regeneration
1, shaggy fur 1, tough skin 3
a: Shadow Step, Renounce Religion


You were on level 5 of the Dungeon.
You worshipped Dithmenos.
Dithmenos was most pleased with you.
You were completely stuffed.

You visited 1 branch of the dungeon, and saw 5 of its levels.

You collected 91 gold pieces.

Inventory:

Hand Weapons
 v - a +0 hand axe
 x - a +0 flail
Armour
 a - a +0 robe (worn)
Jewellery
 f - a ring of magical power (left claw)
 r - an uncursed ring of magical power
Wands
 p - a wand of iceblast (10)
Scrolls
 e - a scroll of amnesia {unknown}
 h - a scroll of remove curse
 k - 3 scrolls of identify {unknown}
 l - a scroll of random uselessness {unknown}
 m - 2 scrolls of enchant weapon {unknown}
 n - a scroll of teleportation {unknown}
 o - a scroll of fog {unknown}
Potions
 c - a potion of invisibility {unknown}
 d - a potion of heal wounds {unknown}
 g - 5 potions of curing {unknown}
 i - a potion of lignification {unknown}
 j - a potion of degeneration {unknown}
 q - 2 potions of berserk rage {unknown}
 t - a potion of stabbing {unknown}
 w - 2 potions of brilliance {unknown}
Comestibles
 b - 6 rations
 s - 10 chunks of flesh


   Skills:
 + Level 5.3 Fighting
 - Level 2.4 Dodging
 - Level 1.0 Stealth
 + Level 6.4 Unarmed Combat


You had 6 spell levels left.
You didn't know any spells.
Your spell library contained the following spells:

 Spells                   Type           Power        Failure   Level  Hunger
 Magic Dart               Conj           #...         41%         1    ##.....
 Blink                    Tloc           N/A          54%         2    ###....
 Call Imp                 Summ           #.......     54%         2    ###....
 Slow                     Hex            #.......     54%         2    ###....
 Conjure Flame            Conj/Fire      #.......     78%         3    ####...
 Mephitic Cloud           Conj/Pois/Air  #.......     78%         3    ####...


Dungeon Overview and Level Annotations

Branches:
Dungeon (5/15)             Temple (0/1) D:4

Altars:
Dithmenos
Vehumet


Innate Abilities, Weirdness & Mutations

You are too large for most types of armour.
You have claws for hands.
Your metabolism is lightning-fast.
You like to eat raw meat.
Your natural rate of healing is unusually fast.
You are covered in fur. (AC +1)
You have extremely tough skin. (AC +3)


Message History

* * * LOW HITPOINT WARNING * * *
You barely miss the orc.
The orc wizard gestures at you while chanting.
You resist with some effort. The orc wizard barely misses you.
The orc barely misses you.
You claw the orc!
You kill the orc!
Dithmenos accepts your kill. The orc wizard closely misses you.
You barely miss the orc wizard.
The orc wizard is lightly wounded.
The orc wizard hits you with a +0 dagger of electrocution.
* * * LOW HITPOINT WARNING * * *
You completely miss the orc wizard.
The orc wizard is lightly wounded.
The orc wizard hits you but does no damage.
The orc wizard hits you with a +0 dagger of electrocution.
* * * LOW HITPOINT WARNING * * *
You are electrocuted!!
You die...

....? ....
#...# #....
#....##
#.....#####
#....))...#
#....@....#
#....o....#
............#
............#
..####....###
. #....#
#....####.#
#.........#
#.###.#####


You could see an orc wizard (fast).

Vanquished Creatures
  A phantom (D:4)
  An ogre (D:4)
  A scorpion (D:4)
  A jelly (D:4)
  2 orc priests
  6 orc wizards
  An iguana (D:4)
  A hound skeleton (D:5)
  4 gnolls (D:4)
  6 adders
  An ooze (D:2)
  An adder skeleton (D:4)
  A leopard gecko (D:3)
  15 orcs
  4 bats (D:1)
  3 giant cockroaches (D:1)
  6 goblins
  4 hobgoblins
  7 jackals
  A ball python (D:1)
  2 frilled lizards
  A jackal skeleton (D:4)
  4 kobolds
  4 rats
78 creatures vanquished.

Notes
Turn   | Place    | Note
-------+----------+-------------------------------------------
     0 | D:1      | Golfball the Troll Monk began the quest for the Orb.
     0 | D:1      | Reached XP level 1. HP: 22/22 MP: 0/0
   281 | D:1      | Reached XP level 2. HP: 28/29 MP: 1/1
   687 | D:2      | Reached XP level 3. HP: 34/37 MP: 2/2
  1127 | D:2      | Reached skill level 4 in Unarmed Combat
  1227 | D:2      | Reached XP level 4. HP: 39/45 MP: 3/3
  1714 | D:3      | Found a faded altar of an unknown god.
  1720 | D:3      | Became a worshipper of Dithmenos the Shadowed
  1720 | D:3      | Reached * piety under Dithmenos
  1720 | D:3      | Reached ** piety under Dithmenos
  1829 | D:3      | Reached *** piety under Dithmenos
  2336 | D:4      | Noticed an ogre
  2341 | D:4      | Killed an ogre
  2341 | D:4      | Reached XP level 5. HP: 45/54 MP: 4/4
  2421 | D:4      | Reached skill level 5 in Unarmed Combat
  2448 | D:4      | Reached XP level 6. HP: 63/63 MP: 5/5
  2481 | D:4      | Found a staircase to the Ecumenical Temple.
  2567 | D:4      | Found a radiant altar of Vehumet.
  2754 | D:5      | Entered Level 5 of the Dungeon
  2762 | D:4      | Reached skill level 5 in Fighting
  2782 | D:5      | Reached skill level 6 in Unarmed Combat
  2782 | D:5      | Reached XP level 7. HP: 58/72 MP: 6/6
  3035 | D:5      | Slain by an orc wizard

Illustrated notes

Levels and vault maps discovered:
D:1:      psy_arrival_wood_between_worlds, layout_basic
D:2:      layout_basic
D:3:      layout_basic, chequers_ecumenical_altar_simple
D:4:      layout_rooms, lemuel_coloured_pillars_altar, minmay_temple_entry_fiery
D:5:      layout_basic, first_ration, gammafunk_ghost_grave, nrook_campfire,
          grunt_tough_drop

Skill      XL: |  1  2  3  4  5  6 |
---------------+-------------------+-----
Fighting       | 3 4 5 |  5.3
Unarmed Combat | 4 5 6 |  6.4
Dodging        | |  2.4
Stealth        | |  1.0

Action                   |  1- 3 |  4- 6 |  7- 9 || total
-------------------------+-------+-------+-------++-------
Melee: Unarmed           |    93 |    79 |    50 ||   222
       Punch             |     2 |     4 |       ||     6
  Use: Scroll            |       |     1 |       ||     1
 Stab: Sleeping          |     1 |     1 |       ||     2
  Eat: Chunk             |    15 |    15 |     3 ||    33
Armor: Robe              |    41 |    16 |    11 ||    68
Dodge: Dodged            |    52 |    40 |    36 ||   128
